Map: Jagannatha LE

Players

Scarlett

  • Race: Zerg Zerg

Astrea - Winner!

  • Race: Protoss Protoss
  • League: Master

Event: DreamHack SC2 Masters 2021 Summer

VOD

Have the link to the VOD?

Description

Time

  • Played on: June 2, 2021, 3:39 p.m.
  • Length: 12:26

All games in this series

Show
View Real Time Build Order
Export as new Build Order

Scarlett Zerg 

Build Orders: Hatch First, Muta Ling Bane 

Get SALT Encoding   

  12  0:01  Drone  
  13  0:13  Overlord  
  13  0:17  Drone  
  14  0:31  Drone x2  
  16  0:48  Hatchery  
  15  0:51  Drone  
  15  0:54  Drone  
  17  0:58  Drone  
  18  1:08  Extractor  
  17  1:13  Spawning Pool  
  17  1:16  Drone  
  17  1:20  Drone  
  18  1:28  Drone  
  19  1:41  Drone  
  20  1:50  Drone  
  21  2:00  Queen x2, Zergling x2  
  21  2:01  Overlord  
  26  2:12  Drone x2, Metabolic Boost  
  28  2:23  Drone x2  
  30  2:33  Drone  
  30  2:34  Drone  
  32  2:41  Hatchery  
  31  2:44  Zergling x2  
  31  2:48  Queen  
  34  2:53  Overlord  
  34  2:58  Drone x2  
  36  3:11  Drone x5  
  41  3:15  Overlord  
  41  3:20  Queen  
  41  3:22  Overlord  
  43  3:28  Roach Warren  
  42  3:36  Drone x2  
  44  3:42  Drone x4  
  44  3:44  Extractor  
  44  3:46  Drone  
  48  3:49  Queen  
  48  3:51  Drone  
  48  3:54  Drone  
  52  3:57  Zergling x6  
  55  4:08  Zergling x6  
  58  4:13  Roach x4  
  66  4:17  Spore Crawler x2  
  66  4:21  Overlord  
  64  4:25  Roach  
  66  4:36  Spore Crawler  
  65  4:42  Drone x8  
  73  4:47  Lair  
  70  4:58  Drone x6  
  72  5:09  Drone, Overlord x2  
  72  5:12  Overlord  
  73  5:15  Extractor, Overlord  
  73  5:16  Extractor, Drone  
  73  5:17  Evolution Chamber  
  71  5:23  Drone  
  71  5:26  Drone, Overlord  
  73  5:31  Queen  
  73  5:35  Drone x5  
  80  5:37  Drone  
  81  5:43  Hatchery  
  81  5:45  Roach x2  
  81  5:46  Glial Reconstitution  
  84  5:52  Zerg Missile Weapons Level 1  
  84  5:53  Overseer  
  84  5:55  Drone x4  
  86  6:02  Drone x4  
  90  6:06  Extractor  
  90  6:09  Overlord  
  90  6:10  Drone x4  
  93  6:18  Roach x2  
  96  6:20  Overseer  
  96  6:22  Drone x2  
  96  6:25  Spire  
  96  6:27  Overlord  
  96  6:28  Drone x2  
  96  6:29  Extractor  
  96  6:32  Roach x2  
  101  6:39  Overlord  
  101  6:42  Drone x2  
  101  6:45  Baneling Nest  
  101  6:46  Roach x5  
  101  6:47  Roach  
  114  6:57  Queen  
  116  7:07  Zergling x2  
  116  7:08  Zergling x12  
  122  7:13  Ravager x4  
  125  7:23  Roach x5  
  125  7:25  Overlord x2  
  125  7:27  Ravager  
  135  7:32  Overlord  
  135  7:33  Centrifical Hooks, Overlord  
  135  7:46  Roach x8  
  135  7:48  Zerg Melee Weapons Level 1  
  135  7:50  Zerg Flyer Weapons Level 1  
  151  7:53  Roach x5  
  161  8:01  Roach x5  
  165  8:07  Roach x3  
  165  8:11  Roach x2  
  165  8:16  Roach x3  
  160  8:21  Roach x4  
  160  8:26  Roach x4  
  164  8:33  Roach x3  
  158  8:44  Overlord  
  158  8:45  Overlord x3  
  158  8:47  Hatchery  
  157  8:49  Extractor  
  156  8:59  Overlord  
  156  9:00  Overseer  
  152  9:11  Mutalisk x5  
  152  9:13  Drone  
  152  9:14  Drone  
  152  9:15  Mutalisk  
  160  9:18  Hatchery  
  160  9:21  Mutalisk  
  160  9:22  Mutalisk  
  163  9:24  Drone  
  163  9:26  Infestation Pit  
  163  9:28  Extractor  
  163  9:30  Drone x3  
  165  9:33  Drone x3  
  165  9:36  Ravager  
  165  9:37  Zergling x4  
  171  9:43  Drone x4  
  175  9:49  Overlord  
  175  9:50  Drone x3  
  178  10:03  Drone  
  178  10:04  Drone x3  
  178  10:06  Hive  
  182  10:10  Drone x8  
  182  10:12  Ravager x3  
  184  10:28  Pneumatized Carapace  
  184  10:32  Drone x3  
  184  10:33  Zergling x2  
  184  10:34  Zergling x14  
  193  10:36  Spine Crawler  
  193  10:37  Spore Crawler  
  191  10:43  Zergling x16  
  191  10:47  Spine Crawler  
  191  10:48  Spine Crawler  
  191  10:49  Ravager x2  
  199  10:54  Spine Crawler, Spore Crawler  
  197  10:57  Baneling x16  
  197  11:01  Drone  
  197  11:03  Evolution Chamber  
  197  11:07  Baneling x12  
  197  11:08  Baneling x3  
  197  11:17  Baneling  
  195  11:21  Zergling x8, Ravager x2  
  179  11:34  Roach x15  
  179  11:39  Roach x3  
  167  11:43  Roach  
  167  11:44  Roach x2  
  160  11:48  Ravager  
  160  11:49  Roach x2  
  160  11:52  Roach  
  165  11:56  Zergling x8  
  165  12:00  Baneling x7, Ravager x4  
  170  12:05  Roach  
  170  12:06  Roach x2  
Show
View Real Time Build Order
Export as new Build Order

Astrea Protoss - Winner!

Build Orders: 1 Gate Expand, Archon Immortal, Dark Templar Rush 

Get SALT Encoding   

  12  0:00  Probe  
  13  0:12  Probe  
  14  0:17  Pylon  
  14  0:25  Probe (Chrono Boost)  
  15  0:37  Probe (Chrono Boost)  
  15  0:39  Gateway  
  16  0:45  Probe (Chrono Boost)  
  16  0:46  Assimilator  
  17  0:51  Probe  
  18  1:03  Probe  
  19  1:15  Probe  
  20  1:23  Nexus  
  20  1:33  Cybernetics Core  
  20  1:36  Probe  
  21  1:43  Assimilator  
  21  1:48  Probe  
  21  1:52  Pylon  
  22  2:00  Probe (Chrono Boost)  
  22  2:01  Adept  
  23  2:10  Warp Gate  
  23  2:12  Probe (Chrono Boost)  
  26  2:20  Probe (Chrono Boost)  
  27  2:27  Probe  
  28  2:30  Stalker (Chrono Boost)  
  28  2:34  Twilight Council  
  30  2:37  Probe  
  30  2:39  Probe  
  32  2:49  Probe  
  32  2:51  Probe  
  34  2:56  Robotics Facility  
  34  3:01  Probe  
  34  3:03  Probe  
  36  3:10  Gateway  
  36  3:13  Probe  
  36  3:15  Probe  
  36  3:16  Dark Shrine  
  38  3:20  Adept  
  38  3:26  Probe  
  41  3:28  Probe  
  42  3:38  Probe  
  42  3:40  Warp Prism (Chrono Boost), Shield Battery  
  44  3:47  Pylon  
  46  3:50  Probe  
  46  3:57  Pylon  
  46  4:05  Probe x2, Adept x2  
  46  4:08  Pylon  
  52  4:12  Observer  
  53  4:17  Probe x2, Assimilator  
  53  4:19  Pylon  
  55  4:29  Probe x2  
  57  4:37  Nexus, Dark Templar  
  57  4:38  Dark Templar  
  61  4:41  Probe  
  61  4:44  Probe  
  63  4:54  Probe  
  63  4:57  Probe  
  63  4:58  Pylon  
  65  5:06  Probe  
  64  5:09  Probe  
  64  5:10  Immortal (Chrono Boost)  
  64  5:11  Assimilator  
  64  5:14  Dark Templar  
  71  5:16  Pylon  
  71  5:17  Archon  
  71  5:18  Probe  
  72  5:21  Probe  
  72  5:23  Gateway, Forge  
  72  5:26  Gateway  
  73  5:30  Probe  
  73  5:31  Sentry  
  73  5:33  Probe  
  77  5:37  Charge  
  78  5:42  Probe  
  78  5:44  Protoss Ground Weapons Level 1 (Chrono Boost)  
  78  5:45  Probe  
  78  5:47  Immortal (Chrono Boost)  
  83  5:52  Probe  
  83  5:55  Probe  
  85  5:57  Probe  
  85  6:04  Probe  
  87  6:07  Probe  
  87  6:10  Probe  
  89  6:13  Gateway  
  89  6:17  Gateway  
  88  6:19  Immortal (Chrono Boost)  
  88  6:20  Gateway  
  88  6:21  Gateway  
  92  6:26  Gateway  
  92  6:30  Pylon, Assimilator x2, Sentry x2  
  96  6:33  Probe x3  
  99  6:48  Photon Cannon  
  99  6:52  Immortal  
  103  6:58  Zealot x4  
  110  7:11  Probe  
  110  7:12  Probe x2  
  112  7:18  Zealot x2  
  112  7:22  Pylon  
  116  7:23  Templar Archives, Pylon  
  116  7:25  Pylon  
  116  7:27  Nexus  
  116  7:38  Probe  
  116  7:40  Probe x2, Immortal  
  123  7:46  Zealot x7  
  133  8:01  Probe  
  133  8:04  Sentry  
  133  8:05  Probe  
  135  8:08  Sentry  
  135  8:11  Sentry x2  
  139  8:16  Zealot x2  
  139  8:19  Probe  
  140  8:21  Probe, Zealot x2  
  135  8:29  Zealot  
  125  8:38  Probe, Immortal (Chrono Boost)  
  110  8:43  High Templar x2  
  110  8:44  High Templar x4  
  110  8:45  Zealot x2  
  110  8:46  Probe  
  110  8:47  Probe  
  126  8:51  Photon Cannon  
  126  8:52  Archon x2, Shield Battery  
  126  8:53  Archon  
  126  8:55  Shield Battery  
  126  9:01  Photon Cannon  
  118  9:03  Shield Battery  
  118  9:06  Blink (Chrono Boost)  
  118  9:07  Immortal (Chrono Boost)  
  118  9:08  Protoss Ground Weapons Level 2 (Chrono Boost)  
  120  9:10  Zealot x2  
  120  9:16  Stalker x6  
  134  9:31  Assimilator  
  134  9:35  Dark Templar  
  136  9:38  Photon Cannon  
  136  9:40  Photon Cannon  
  136  9:43  Pylon  
  136  9:50  Immortal  
  140  9:54  High Templar x2, Zealot x4  
  140  9:55  Zealot  
  140  9:58  Pylon x3  
  140  9:59  Archon  
  153  10:01  Pylon  
  153  10:02  Gateway, Pylon  
  153  10:04  Gateway  
  151  10:16  Stalker x6  
  151  10:20  Probe x4  
  155  10:27  Warp Prism (Chrono Boost)  
  153  10:32  Probe x2  
  153  10:34  Probe  
  153  10:35  Probe  
  157  10:38  Stalker x2  
  157  10:39  High Templar x2  
  165  10:43  Archon  
  165  10:54  High Templar  
  165  10:55  High Templar, Zealot x2  
  173  10:58  Photon Cannon  
  173  11:00  Archon  
  173  11:01  Dark Templar  
  173  11:03  Stalker x3  
  179  11:16  Probe x4  
  176  11:30  Stalker x7  
  172  11:34  Stalker  
  172  11:35  Stalker  
  156  11:44  Stalker  
  146  11:57  Stalker x7  
  146  12:01  Zealot, Stalker  
  152  12:21  Stalker x3  
Tags
 
Add a new tag
Caveats
  • Supply blocks, unpowered buildings, or Contaminate may cause inaccurate times.
  • Supply counts are checked every 10 seconds.